 Dungeon Crawl Stone Soup version 0.29-a0-845-g6161e89988 (webtiles) character file.

Game seed: 694099107187205535

1999 clackabat the Cleaver (level 9, -2/75 HPs)
             Began as a Minotaur Fighter on July 15, 2022.
             Was an Initiate of Qazlal.
             Killed from afar by a white imp (12 damage)
             ... with a puff of frost
             ... on level 6 of the Dungeon on July 16, 2022.
             The game lasted 00:15:48 (5886 turns).

clackabat the Cleaver (Minotaur Fighter)            Turns: 5886, Time: 00:15:49

Health: -2/75      AC:  7    Str: 20    XL:     9   Next: 2%
Magic:  8/8        EV: 11    Int:  9    God:    Qazlal [......]
Gold:   299        SH:  7    Dex: 11    Spells: 8/8 levels left

rFire   . . .      SeeInvis .   a - +1 war axe
rCold   . . .      Faith    .   h - +2 buckler {reflect}
rNeg    . . .      Spirit   .   j - +1 ring mail {rPois}
rPois   +          Reflect  +   (helmet restricted)
rElec   .          Harm     .   (no cloak)
rCorr   .          Rampage  .   (no gloves)
Will    .....                   (no boots)
Stlth   +.........              (no amulet)
HPRegen 0.22/turn               (no ring)
MPRegen 0.11/turn               (no ring)

@: no status effects
A: horns 2, retaliatory headbutt
a: Renounce Religion


You were on level 6 of the Dungeon.
You worshipped Qazlal.
Qazlal was noncommittal.
You visited 2 branches of the dungeon, and saw 7 of its levels.
You also visited: Ossuary.

You collected 299 gold pieces.

Inventory:

Hand Weapons
 a - a +1 war axe (weapon)
Missiles
 t - a throwing net (quivered)
Armour
 h - a +2 buckler of reflection (worn)
 j - a +1 ring mail of poison resistance (worn)
Jewellery
 d - a ring of positive energy
 n - a ring of see invisible
Wands
 D - a wand of mindburst (5)
Scrolls
 b - a scroll of vulnerability {unknown}
 c - a scroll of identify
 g - a scroll of magic mapping
 i - 2 scrolls of enchant weapon
 k - 3 scrolls of teleportation
 l - 2 scrolls of poison
 w - 2 scrolls of torment
Potions
 e - 3 potions of cancellation
 f - a potion of heal wounds
 m - 3 potions of attraction
 o - 2 potions of flight
 r - 2 potions of invisibility
 s - a potion of curing {unknown}
 x - 2 potions of lignification {unknown}
 z - 2 potions of brilliance {unknown}
 A - 2 potions of mutation {unknown}
 B - 2 potions of berserk rage
 C - a potion of ambrosia {unknown}


   Skills:
 + Level 5.9 Fighting
 - Level 0.1 Short Blades
 - Level 0.1 Long Blades
 - Level 10.0 Axes
 - Level 0.1(6.1) Maces & Flails
 - Level 0.3(6.2) Polearms
 - Level 0.1(0.2) Staves
 + Level 5.9 Armour
 + Level 4.2 Dodging
 - Level 0.3 Stealth
 + Level 5.9 Shields
 - Level 0.6 Unarmed Combat
 - Level 0.3 Spellcasting
 - Level 0.2 Summonings
 - Level 0.1 Necromancy
 - Level 0.4 Transmutations
 - Level 0.7 Earth Magic
 - Level 0.1 Invocations
 - Level 0.4 Evocations


You had 8 spell levels left.
You didn't know any spells.
Your spell library contained the following spells:

 Spells                   Type           Power      Damage    Failure   Level
 Passwall                 Tmut/Erth      0%         N/A       69%         2
 Ensorcelled Hibernation  Hex/Ice        0%         N/A       77%         2
 Swiftness                Air            0%         N/A       94%         3


Dungeon Overview and Level Annotations

Branches:
Dungeon (6/15)             Temple (1/1) D:5         Ossuary (visited)

Altars:
Ashenzari
Cheibriados
Dithmenos
Fedhas
Gozag
Hepliaklqana
Kikubaaqudgha
Nemelex Xobeh
Qazlal
Ru
Sif Muna
Trog
Uskayaw
Vehumet
Wu Jian
Xom
Zin
The Shining One


Innate Abilities, Weirdness & Mutations

You have a pair of horns on your head.
You reflexively headbutt those who attack you in melee.


Message History

You slash the ogre!
You kill the ogre!
Qazlal accepts your kill.
The centaur shoots an arrow.
The arrow completely misses you.
The centaur unwields a +0 shortbow.
You block the centaur's attack.
The centaur kicks you but does no damage.
The centaur hits you but does no damage.
The centaur closely misses you.
Items here: )) [ †.
You barely miss the centaur. You headbutt the centaur!
The centaur is moderately wounded.
The centaur closely misses you.
The centaur kicks you but does no damage.
You hit the centaur.
The centaur is heavily wounded.
You block the centaur's attack.
The centaur kicks you but does no damage.
The centaur hits you but does no damage.
The centaur kicks you but does no damage.
You slash the centaur!
The centaur is almost dead.
You block the centaur's attack. x2
You barely miss the centaur.
The centaur is almost dead.
The centaur hits you but does no damage.
The centaur closely misses you. The centaur barely misses you.
The centaur misses you.
You hit the centaur but do no damage. You headbutt the centaur.
You kill the centaur!
Qazlal accepts your kill.
You have reached level 9!
Your experience leads to an increase in your attributes!
Increase (S)trength, (I)ntelligence, or (D)exterity?
You feel clever. x2
You start resting.
A white imp comes into view.
A white imp is nearby!
The white imp gestures at you. The puff of frost hits you!
You die...

#### ### ...######.########
......##.........# **
...#..#.....####.# *,
...........## #@# *, ...#..###.##
#.# *, ......# #.######)### **
.#.#.## #.##....)).# * .))..#
*#+##.###.#.#** * ##.###**,,,*,*
#.#.#,** * ##.# **,,,,,,*
#5#.!*,** *
##.#**,,,,,,^**#...##*,* ****
...##,>,,,,,,,*###..*,********,,,


You could see a white imp.

Vanquished Creatures
  Maggie (D:6)
  The ghost of Brotato the Sneak, an amateur SpBr (D:5)
  Eustachio (D:6)
  Edmund (D:6)
  Duvessa (D:5)
  An ogre (D:6)
  A centaur (D:6)
  The ghost of IdlyInterested the Trooper, an amateur DsFi (D:3)
  Blork the orc (D:5)
  Dowan (D:5)
  A troll zombie (Ossuary)
  A bullfrog zombie (D:4)
  3 centaur zombies
  2 jellies (D:5)
  An orc priest (D:5)
  A hound (D:5)
  A scorpion zombie (D:4)
  2 orc wizards (D:5)
  2 ogre zombies (Ossuary)
  7 mummies (Ossuary)
  2 howler monkey zombies (D:4)
  13 adders
  4 gnolls (D:4)
  A shadow imp (D:6)
  A white imp (D:6)
  4 adder zombies (Ossuary)
  4 worms
  5 dart slugs
  8 orcs
  5 ball pythons
  5 endoplasms
  2 giant cockroaches
  4 goblins
  9 hobgoblins
  7 jackals
  5 quokkas
  11 bats
  2 frilled lizards (D:3)
  3 goblin zombies (Ossuary)
  5 hobgoblin zombies (Ossuary)
  5 kobolds
  2 kobold zombies (Ossuary)
  5 quokka zombies (Ossuary)
  10 rats
  6 rat zombies (Ossuary)
159 creatures vanquished.

Vanquished Creatures (others)
  A shadow imp (D:6)
  A fungus (D:2)
  2 plants (D:2)
4 creatures vanquished.

Grand Total: 163 creatures vanquished

Notes
Turn   | Place    | Note
-------+----------+-------------------------------------------
     0 | D:1      | clackabat the Minotaur Fighter began the quest for the Orb.
     0 | D:1      | Reached XP level 1. HP: 19/19 MP: 0/0
    51 | D:1      | Reached skill level 3 in Axes
   165 | D:1      | Reached XP level 2. HP: 21/26 MP: 1/1
   457 | D:1      | Reached skill level 4 in Axes
   555 | D:1      | Reached XP level 3. HP: 31/31 MP: 2/2
   891 | D:2      | Reached skill level 1 in Dodging
  1288 | D:2      | Reached XP level 4. HP: 39/39 MP: 3/3
  1292 | D:2      | Reached skill level 5 in Axes
  1888 | D:2      | Found a faded altar of an unknown god.
  1978 | D:3      | Identified the +0 leather armour of Twilight {rF- MP+9
                  | Int+4}
  1982 | D:3      | Found a runed translucent door.
  1982 | D:3      | Noticed IdlyInterested's ghost (amateur DsFi)
  2004 | D:3      | Killed IdlyInterested's ghost
  2005 | D:3      | Reached skill level 6 in Axes
  2005 | D:3      | Reached XP level 5. HP: 25/45 MP: 4/4
  2323 | D:3      | Reached skill level 7 in Axes
  2722 | D:4      | Reached XP level 6. HP: 16/51 MP: 5/5
  3048 | D:4      | Reached skill level 8 in Axes
  3184 | D:4      | You fall into a shaft and drop 1 floor!
  3184 | D:5      | Entered Level 5 of the Dungeon
  3271 | D:5      | Noticed Dowan
  3272 | D:5      | Noticed Duvessa
  3279 | D:5      | Killed Duvessa
  3280 | D:5      | Reached skill level 9 in Axes
  3280 | D:5      | Reached XP level 7. HP: 57/57 MP: 6/6
  3282 | D:5      | Killed Dowan
  3302 | D:5      | Found a runed translucent door.
  3304 | D:5      | Noticed Brotato's ghost (amateur SpBr)
  3322 | D:5      | Found a sand-covered staircase.
  3332 | Ossuary  | Entered an ossuary
  3761 | Ossuary  | Reached skill level 10 in Axes
  3929 | Ossuary  | HP: 2/57 [mummy (16)]
  4524 | D:5      | Found a staircase to the Ecumenical Temple.
  4532 | Temple   | Entered the Ecumenical Temple
  4539 | Temple   | Became a worshipper of Qazlal Stormbringer
  4838 | D:5      | Noticed Blork the orc
  4844 | D:5      | Killed Blork the orc
  4845 | D:5      | Reached XP level 8. HP: 52/66 MP: 7/7
  5012 | D:5      | Found an opulent altar of Gozag.
  5012 | D:5      | Found a radiant altar of Vehumet.
  5134 | D:5      | Found a hide-covered altar of Uskayaw.
  5210 | D:5      | Killed Brotato's ghost
  5537 | D:6      | Noticed Eustachio
  5537 | D:6      | Noticed Maggie
  5561 | D:6      | Killed Maggie
  5562 | D:6      | Reached skill level 5 in Fighting
  5562 | D:6      | Reached skill level 5 in Armour
  5562 | D:6      | Reached skill level 5 in Shields
  5565 | D:6      | Killed Eustachio
  5846 | D:6      | Noticed Edmund
  5863 | D:6      | Killed Edmund
  5873 | D:6      | Reached XP level 9. HP: 7/75 MP: 8/8
  5886 | D:6      | Killed from afar by a white imp

Illustrated notes

Levels and vault maps discovered:
D:1:      minmay_arrival_glassed_features, layout_basic, minmay_liquid_box
D:2:      minmay_skewed_foursquare, layout_loops_ring,
          dreamdust_ecumenical_altar_hidden_monk_grotto,
          amcnicky_mini_pool_small
D:3:      layout_rooms, gammafunk_ghost_grave, st_stairs_10
D:4:      layout_rooms, serial_undead, serial_undead_a, serial_undead_c,
          serial_undead_b, serial_undead_a, minmay_tree_intersection,
          supply_closet_lemuel, minmay_hedge_maze, uniq_sigmund, uniq_robin
D:5:      layout_rooms, marbit_many_paths, gammafunk_temple_overflow_wave,
          minmay_temple_entry_gardened_gates,
          lightli_ossuary_entry_decrepit_ruins, ebering_ghost_inner_flame,
          kennysheep_generic_room_3, uniq_blork_the_orc, uniq_duvessa
D:6:      layout_loops_corners, minmay_stone_trees_small,
          kennysheep_generic_room_7, uniq_eustachio, uniq_grinder, uniq_edmund,
          uniq_maggie
Temple:   nicolae_temple_no_exploring_needed

Skill      XL: |  1  2  3  4  5  6  7  8 |
---------------+-------------------------+-----
Axes           | 3 4 6 7 9 10 | 10.0
Dodging        | 1 4 |  4.2
Fighting       | 4 5 |  5.9
Armour         | 4 5 |  5.9
Shields        | 4 5 |  5.9
Short Blades   | |  0.1
Long Blades    | |  0.1
Maces & Flails | |  0.1
Polearms       | |  0.3
Staves         | |  0.1
Stealth        | |  0.3
Unarmed Combat | |  0.6
Spellcasting   | |  0.3
Summonings     | |  0.2
Necromancy     | |  0.1
Transmutations | |  0.4
Earth Magic    | |  0.7
Invocations    | |  0.1
Evocations     | |  0.4

Action                   |  1- 3 |  4- 6 |  7- 9 || total
-------------------------+-------+-------+-------++-------
Melee: War axe           |    92 |   148 |   204 ||   444
       Headbutt          |    11 |    15 |    40 ||    66
  Use: Scroll            |       |     3 |    12 ||    15
       Potion            |       |     2 |     1 ||     3
Armor: Scale mail        |    22 |       |       ||    22
       Ring mail         |    12 |    62 |    57 ||   131
Dodge: Dodged            |    45 |    68 |    82 ||   195
Block: Buckler           |    17 |    44 |    42 ||   103
       Reflection        |     3 |       |       ||     3

Table legend: (Time is in decaauts)
 A = Elapsed time spent in this place.
 B = Non-inter-level travel time spent in this place.
 C = Inter-level travel time spent in this place.
 D = Time resting spent in this place.
 E = Time spent auto-exploring this place.
 F = Levels seen in this place.
 G = Mean time per level.
                   A        B        C        D        E       F      G
               +--------+--------+--------+--------+--------+-----+--------+
         Total |   5946 |   5387 |    559 |   1501 |   2798 |   8 |  743.2 |
       Dungeon |   4845 |   4297 |    548 |    965 |   2507 |   6 |  807.5 |
        Temple |     14 |      3 |     11 |      0 |      0 |   1 |   14.0 |
       Ossuary |   1085 |   1085 |      0 |    536 |    291 |   1 | 1085.0 |
               +--------+--------+--------+--------+--------+-----+--------+

Top non-repeatable levels by time:
     D:2: 1346 daAuts
     D:5: 1203 daAuts
 Ossuary: 1085 daAuts
     D:1: 837 daAuts
     D:3: 581 daAuts
     D:4: 484 daAuts
     D:6: 392 daAuts
  Temple: 14 daAuts
